 Dungeon Crawl Stone Soup version 0.30.1-9-gdf580d7c3d (webtiles) character file.

Game seed: 11363468041516568671

1287 Ivernyr the Cruncher (level 8, -4/58 HPs)
             Began as a Formicid Fighter on Oct 5, 2023.
             Killed from afar by an orc wizard (6 damage)
             ... with a puff of flame
             ... on level 6 of the Dungeon.
             The game lasted 00:14:23 (5095 turns).

Ivernyr the Cruncher (Formicid Fighter)             Turns: 5095, Time: 00:14:24

Health: -4/58      AC:  6    Str: 36    XL:     8   Next: 85%
Magic:  8/8        EV: 10    Int:  7    God:
Gold:   256        SH:  5    Dex: 13    Spells: 7/7 levels left

rFire   . . .        a - +1 quarterstaff
rCold   . . .        c - +0 buckler
rNeg    . . .        b - +0 scale mail
rPois   .            (helmet unavailable)
rElec   .            (no cloak)
rCorr   .            (no gloves)
SInv    +            (no boots)
Will    .....        (no amulet) Stlth
                     n - +6 ring of strength
HPRegen 0.29/turn    z - +6 ring of strength
MPRegen 0.11/turn

%: no passive effects
@: no status effects
A: permanent stasis, dig shafts and tunnels, antennae 3, four strong arms
a: Dig, Shaft Self


You were on level 6 of the Dungeon.
You visited 1 branch of the dungeon, and saw 6 of its levels.

You collected 256 gold pieces.

Inventory:

Hand Weapons
 a - a +1 quarterstaff (weapon)
Armour
 b - a +0 scale mail (worn)
 c - a +0 buckler (worn)
Jewellery
 n - a +6 ring of strength (left hand)
 x - a ring of flight
 z - a +6 ring of strength (right hand)
Wands
 d - a wand of iceblast (8)
 o - a wand of light (5)
Scrolls
 f - a scroll of amnesia
 i - a scroll of brand weapon {unknown}
 k - a scroll of poison
 l - 2 scrolls of fear
 p - a scroll of identify
 t - a scroll of summoning {unknown}
 u - a scroll of enchant armour
 v - a scroll of magic mapping {unknown}
Potions
 e - 3 potions of brilliance {unknown}
 g - 2 potions of curing {unknown}
 h - 2 potions of lignification {unknown}
 j - 2 potions of mutation {unknown}
 m - 2 potions of heal wounds {unknown}
 q - 2 potions of resistance {unknown}
 r - a potion of experience {unknown}
 s - 3 potions of attraction {unknown}
 w - a potion of flight {unknown}


   Skills:
 - Level 3.3 Fighting
 * Level 10.2 Staves
 - Level 3.3 Armour
 - Level 4.1 Shields


You had 7 spell levels left.
You didn't know any spells.
Your spell library contained the following spells:

 Spells                   Type           Power      Damage    Failure   Level
 Slow                     Hex            0%         N/A       67%         1
 Confusing Touch          Hex            0%         N/A       96%         3
 Vampiric Draining        Necr           0%         2d6       96%         3


Dungeon Overview and Level Annotations

Branches:
Dungeon (6/15)
 Temple: D:4-7

Altars:
Ashenzari
Elyvilon
Makhleb
Nemelex Xobeh
Xom

Shops:
D:1 [*   D:3 (![


Innate Abilities, Weirdness & Mutations

You cannot be hasted, slowed, berserked, paralysed or teleported.
You can dig through walls and to a lower floor.
You have a pair of large antennae on your head. (SInv)
Your four strong arms can wield two-handed weapons with a shield.


Message History

The gnoll is moderately wounded.
The gnoll barely misses you.
You thump the gnoll!
You kill the gnoll!
You hit the orc.
The orc is heavily wounded.
You sock the orc!
You kill the orc!
The orc wizard gestures at you while chanting.
You are confused.
Things that are here:
a +0 falchion; a +0 halberd; a gnoll corpse You barely miss the orc wizard.
The orc wizard hits you with a +0 dagger.
You miss the orc priest.
The orc priest mumbles some strange prayers to Beogh against you.
Beogh smites you!
The orc wizard hits you but does no damage.
You barely miss the orc priest.
The orc priest looks encouraged for a moment.
The orc wizard points at you and mumbles some strange words.
The magic dart hits you.
You bump into the translucent rock wall.
The orc priest hits you with a +0 falchion.
The orc wizard hits you but does no damage.
The orc priest attacks as you move away!
The orc priest hits you with a +0 falchion.
The orc priest attacks as you move away!
The orc priest hits you with a +0 falchion.
You feel less confused.
The orc priest mumbles some strange prayers to Beogh against you.
Beogh smites you!
* * * LOW HITPOINT WARNING * * *
The orc priest mumbles some strange prayers to Beogh against you.
Beogh smites you!
* * * LOW HITPOINT WARNING * * *
There is a stone staircase leading up here.
The orc wizard casts a spell at you. The puff of flame hits you.
You die...

#..#.#.#.#.
#..........
#####.....#..####
..............>#
##.....).......#
#..............#
#...........# #
#......o@...# #.
#....o......#
#?#...........#
#......)..!...#
##.#....?......#
.......#)#......#
...........######
.......#.#....
...........(..#


You could see an orc priest and an orc wizard (invisible).

Vanquished Creatures
  Pikel (D:4)
  A black bear (D:5)
  An ogre (D:4)
  A bullfrog (D:4)
  A scorpion (D:4)
  A howler monkey (D:5)
  2 orc priests (D:5)
  2 gnoll boudas
  An iguana (D:5)
  21 gnolls
  4 adders
  A white imp (D:6)
  2 ufetubi (D:5)
  A worm (D:2)
  2 dart slugs
  7 orcs
  3 ball pythons
  12 endoplasms
  6 giant cockroaches (D:1)
  5 goblins
  8 hobgoblins
  13 jackals
  A quokka (D:1)
  A bat (D:3)
  7 frilled lizards
  10 kobolds
  6 rats
121 creatures vanquished.

Notes
Turn   | Place    | Note
-------+----------+-------------------------------------------
     0 | D:1      | Ivernyr the Formicid Fighter began the quest for the Orb.
     0 | D:1      | Reached XP level 1. HP: 18/18 MP: 1/1
   127 | D:1      | Found Afet Oho's Assorted Antiques.
   137 | D:1      | Reached XP level 2. HP: 24/24 MP: 2/2
   251 | D:1      | Found a transporter.
   251 | D:1      | Found Onod Xau's Antique Armour Emporium.
   253 | D:1      | Found a transporter.
   348 | D:1      | Reached skill level 3 in Staves
   348 | D:1      | Reached XP level 3. HP: 29/29 MP: 3/3
   616 | D:1      | Reached XP level 4. HP: 13/35 MP: 4/4
   709 | D:2      | Reached skill level 4 in Staves
   935 | D:1      | Reached XP level 5. HP: 29/41 MP: 5/5
  1171 | D:2      | You fall into a shaft and drop 2 floors!
  1398 | D:2      | Reached skill level 5 in Staves
  1945 | D:3      | Found Syjekkez's Distillery.
  1955 | D:3      | Found Zanerche's Armour Shoppe.
  2318 | D:3      | Found Puopsa Kemy's Weapon Emporium.
  2507 | D:3      | Reached XP level 6. HP: 47/47 MP: 6/6
  2578 | D:3      | Found a faded altar of an unknown god.
  2613 | D:4      | Noticed an ogre
  2620 | D:4      | Killed an ogre
  2621 | D:4      | Reached skill level 6 in Staves
  2742 | D:4      | Noticed Pikel
  2762 | D:4      | Killed Pikel
  2763 | D:4      | Reached skill level 8 in Staves
  2763 | D:4      | Reached XP level 7. HP: 13/52 MP: 7/7
  2763 | D:4      | Reached XP level 8. HP: 15/58 MP: 8/8
  2766 | D:4      | You fall into a shaft and drop 1 floor!
  2766 | D:5      | Entered Level 5 of the Dungeon
  3335 | D:4      | Reached skill level 9 in Staves
  3645 | D:4      | Found a shimmering altar of Xom.
  3688 | D:4      | Found a white marble altar of Elyvilon.
  3689 | D:4      | Found a burning altar of Makhleb.
  3689 | D:4      | Found a sparkling altar of Nemelex Xobeh.
  4289 | D:5      | Found a broken altar of Ashenzari.
  4800 | D:5      | Reached skill level 10 in Staves
  5094 | D:6      | HP: 1/58 [orc priest/divine providence (11)]
  5095 | D:6      | Killed from afar by an orc wizard

Illustrated notes

Levels and vault maps discovered:
D:1:      lemuel_arrival_hallway, layout_rooms, serial_shops,
          nicolae_shop_drivethru, shop_statue
D:2:      layout_basic
D:3:      layout_loops_ring, hellmonk_ecumenical_altar_inner_sanctum,
          serial_glass, glass_columns_a, glass_columns_a, glass_columns_a,
          glass_columns_c, glass_columns_a, glass_columns_a, serial_shops,
          nicolae_shop_bloodbath_and_beyond, shop, shop
D:4:      layout_gridville, minitemple, uniq_pikel
D:5:      layout_loops_cross, mainiacjoe_overflow_alcove_4,
          palyth_stone_intersect, minivault_11
D:6:      layout_basic, minmay_temple_entry_drinking_statues,
          gup_ossuary_entry_pyramid, serial_glass, glass_columns_a,
          glass_columns_a, glass_columns_c, glass_columns_a, uniq_blork_the_orc

Skill      XL: |  1  2  3  4  5  6  7  8 |
---------------+-------------------------+-----
Staves         | 3 4 5 8 10 | 10.2
Fighting       | |  3.3
Armour         | |  3.3
Shields        | |  4.1

Action                     |  1- 3 |  4- 6 |  7- 9 || total
---------------------------+-------+-------+-------++-------
  Melee: Quarterstaff      |    71 |   151 |   134 ||   356
Ability: Dig               |       |       |     1 ||     1
         Shaft Self        |       |       |     1 ||     1
    Use: Potion            |       |     2 |       ||     2
         Scroll            |       |       |     8 ||     8
 Armour: Scale mail        |    35 |    36 |    39 ||   110
  Dodge: Dodged            |    35 |    51 |    46 ||   132
  Block: Buckler           |    15 |    29 |    31 ||    75
